 Dungeon Crawl Stone Soup version 0.31-a0-880-g9a209b2425 (webtiles) character file.

Game seed: 1544608776377807181

18 Jinxxian the Firebug (level 2, 0/19 HPs)
             Began as a Demonspawn Fire Elementalist on Oct 15, 2023.
             Slain by an adder (1 damage)
             ... on level 3 of the Dungeon.
             The game lasted 00:13:16 (1226 turns).

Jinxxian the Firebug (Demonspawn Fire Elementalist) Turns: 1226, Time: 00:13:16

Health: 0/19       AC:  3    Str:  8    XL:     2   Next: 51%
Magic:  0/5        EV: 12    Int: 16    God:
Gold:   65         SH:  0    Dex: 13    Spells: 4/5 levels left

rFire   . . .        j - +0 trident
rCold   . . .        (no shield)
rNeg    . . .        a - +0 robe
rPois   .            (no helmet)
rElec   .            i - +0 cloak
rCorr   .            (no gloves)
SInv    .            (no boots)
Will    .....        (no amulet)
Stlth   ++           (no ring)
HPRegen 0.23/turn    (no ring)
MPRegen 0.09/turn

%: no passive effects
@: lethally poisoned (0 -> -1), very slightly contaminated
A: ignite blood 1
a: no special abilities


You were on level 3 of the Dungeon.
You visited 1 branch of the dungeon, and saw 3 of its levels.

You collected 65 gold pieces.

Inventory:

Hand Weapons
 d - a +0 dagger of holy wrath
 f - a +0 short sword
 h - a +0 dagger
 j - a +0 trident (weapon)
Armour
 a - a +0 robe (worn)
 i - a +0 cloak (worn)
Scrolls
 c - a scroll of enchant weapon {unknown}
 e - a scroll of teleportation {unknown}
 g - 2 scrolls of identify {unknown}
 k - a scroll of silence {unknown}
 l - a scroll of vulnerability {unknown}
Potions
 b - a potion of magic


   Skills:
 + Level 2.0 Dodging
 - Level 2.0 Stealth
 * Level 2.2 Spellcasting
 * Level 1.4 Conjurations
 * Level 2.9 Fire Magic


You had 4 spell levels left.
You knew the following spells:

 Your Spells              Type           Power      Damage    Failure   Level
a - Foxfire               Conj/Fire      32%        2x1d5     9%          1

Your spell library contained the following spells:

 Spells                   Type           Power      Damage    Failure   Level
 Scorch                   Fire           22%        2d5       10%         2
 Inner Flame              Hex/Fire       6%         N/A       32%         3
 Volatile Blastmotes      Fire/Tloc      12%        2d11      32%         3
 Flame Wave               Conj/Fire      8%         2d5       63%         4


Dungeon Overview and Level Annotations

Branches:
Dungeon (2/15)

Altars:

Annotations:
D:3 IndexError's ghost, amateur GrEE


Innate Abilities, Weirdness & Mutations

Your demonic aura sometimes causes spilled blood to erupt in flames.


Message History

You conjure some foxfire!
The foxfire hits the ball python.
You kill the ball python!
The foxfire hits the ball python.
You kill the ball python!
Found a sling.
Found a stone staircase leading down.
IndexError's ghost says, "You must not fail where I succeeded!"
You open the door.
Your magical contamination has completely faded away.
Casting: Foxfire (safe; 9% risk of failure)
Confirm with . or Enter, or press ? or * to list all spells.
You miscast Foxfire.
You are very lightly contaminated with residual magic.
Nothing appears to happen.
The adder closely misses you. The adder bites you but does no damage.
Casting: Foxfire (safe; 9% risk of failure)
Confirm with . or Enter, or press ? or * to list all spells.
You conjure some foxfire!
The adder bites you.
You are poisoned.
The adder poisons you! The adder closely misses you.
You feel sick.
The foxfire hits the adder.
The adder is heavily wounded.
The foxfire hits the adder.
The adder is almost dead.
Casting: Foxfire (safe; 9% risk of failure)
Confirm with . or Enter, or press ? or * to list all spells.
You conjure some foxfire!
You feel sick. The adder barely misses you. The adder bites you.
The adder misses you. x2
You feel sick.
The foxfire hits the adder.
The adder is moderately wounded.
The foxfire hits the adder but does no damage.
The adder is almost dead.
IndexError's ghost points at you and mumbles some strange words.
The blast of sand hits you!
Ouch! That really hurt!
* * * LOW HITPOINT WARNING * * *
An orc comes into view. It is wielding a +0 mace.
* * * LOW HITPOINT WARNING * * *
You feel sick. The adder attacks as it pursues you! The adder bites you.
You die...

...... #..........#
....... ##.....##..#
.......####.....##..#
................##....
...........########.#.#
..........W'~~~~)~ ##.#
..........†####### #
o......S.S.......
.......@.........#
######............
..............
.......>..#.....
...........##.....
.......#.... ...
...###.#.#### ... #. .#


You could see IndexError's ghost, 2 adders and an orc (asleep).

Vanquished Creatures
  2 endoplasms (D:1)
  2 hobgoblins
  4 jackals (D:1)
  2 ball pythons (D:3)
  A frilled lizard (D:2)
  4 kobolds (D:1)
  2 rats (D:1)
17 creatures vanquished.

Vanquished Creatures (others)
  37 foxfires
37 creatures vanquished.

Grand Total: 54 creatures vanquished

Notes
Turn   | Place    | Note
-------+----------+-------------------------------------------
     0 | D:1      | Jinxxian the Demonspawn Fire Elementalist began the quest
                  | for the Orb.
     0 | D:1      | Reached XP level 1. HP: 13/13 MP: 3/3
   301 | D:1      | Gained mutation: Your demonic aura sometimes causes spilled
                  | blood to erupt in flames. [demonic ancestry]
   301 | D:1      | Reached XP level 2. HP: 17/19 MP: 1/5
  1158 | D:2      | You fall into a shaft and drop 1 floor!
  1205 | D:3      | Found a runed translucent door.
  1213 | D:3      | Noticed IndexError's ghost (amateur GrEE)
  1226 | D:3      | Slain by an adder

Illustrated notes

Levels and vault maps discovered:
D:1:      dpeg_arrival_connections, layout_loops_corners
D:2:      layout_basic, shapermc_ecumenical_altar_notcrosses,
          minmay_pentomino_o2
D:3:      layout_basic, ebering_ghost_sewer_d, grunt_decor_clamped,
          amcnicky_mini_rare_corridor_liquid, uniq_terence

Skill      XL: |  1  2 |
---------------+-------+-----
Stealth        | 2 |  2.0
Dodging        | 2 |  2.0
Spellcasting   | |  2.2
Conjurations   | |  1.4
Fire Magic     | |  2.9

Action                     || total
---------------------------++-------
  Melee: Short sword       ||    29
         Unarmed           ||     1
         Trident           ||     1
   Cast: Foxfire           ||    26
 Armour: Robe              ||    24
  Dodge: Dodged            ||    28

Table legend: (Time is in decaauts)
 A = Elapsed time spent in this place.
 B = Non-inter-level travel time spent in this place.
 C = Inter-level travel time spent in this place.
 D = Time resting spent in this place.
 E = Time spent auto-exploring this place.
 F = Levels seen in this place.
 G = Mean time per level.
                   A        B        C        D        E       F      G
               +--------+--------+--------+--------+--------+-----+--------+
         Total |   1224 |    864 |    360 |    151 |      0 |   3 |  408.0 |
       Dungeon |   1224 |    864 |    360 |    151 |      0 |   3 |  408.0 |
               +--------+--------+--------+--------+--------+-----+--------+

Top non-repeatable levels by time:
     D:1: 1108 daAuts
     D:3: 67 daAuts
     D:2: 48 daAuts
